 Dungeon Crawl Stone Soup version 0.22-a0-162-g33bf127 (webtiles) character file.

37 vishdafish the Skirmisher (level 3, 0/29 HPs)
             Began as a Demonspawn Abyssal Knight on Feb 12, 2018.
             Was a Believer of Lugonu.
             Succumbed to an adder's poison
             ... on level 2 of the Dungeon.
             The game lasted 00:05:41 (2051 turns).

vishdafish the Skirmisher (DsAK)                    Turns: 2051, Time: 00:05:42

Health: 0/29       AC:  5    Str: 12 (13) XL:     3   Next: 23%
Magic:  2/5        EV: 11    Int: 11 (13) God:    Lugonu [**....]
Gold:   91         SH:  0    Dex: 10 (12) Spells: 2/2 levels left

rFire    + . .     SeeInvis .   a - +1 falchion
rCold    + . .     Gourm    .   (no shield)
rNeg     . . .     Faith    .   b - +0 leather armour
rPois    +         Spirit   .   (no helmet)
rElec    +         Reflect  .   (no cloak)
rCorr    +         Harm     .   (no gloves)
MR       .....                  (no boots)
Stlth    +.........             (no amulet)
HPRegen  0.09/turn              g - +2 ring of protection
MPRegen  0.09/turn              (no ring)

@: lethally poisoned (0 -> -6), resistant, flying
A: claws 1
a: Depart the Abyss, Bend Space, Renounce Religion


You were on level 2 of the Dungeon.
You worshipped Lugonu.
Lugonu was pleased with you.
You were near starving.

You visited 1 branch of the dungeon, and saw 2 of its levels.
You visited the Abyss 1 time.

You collected 91 gold pieces.

Inventory:

Hand Weapons
 a - a +1 falchion (weapon)
Armour
 b - a +0 leather armour (worn)
Jewellery
 g - a +2 ring of protection (left claw)
Scrolls
 d - 3 scrolls of identify
Comestibles
 c - 4 rations


   Skills:
 - Level 3.1 Fighting
 * Level 2.4 Long Blades
 + Level 2.1 Armour
 + Level 1.4 Dodging
 + Level 3.0 Invocations


You had 2 spell levels left.
You didn't know any spells.

Dungeon Overview and Level Annotations

Branches:
Dungeon (2/15)

Altars:


Innate Abilities, Weirdness & Mutations

You have sharp fingernails.


Message History

You feel sick.
It was a potion of flight.
You feel very buoyant.
You fly up into the air.
The adder barely misses you.
You riposte.
You hit the adder.
The adder is almost dead.
You feel protected.
* * * LOW HITPOINT WARNING * * *
You feel sick. The adder bites you.
* * * LOW HITPOINT WARNING * * *
Space bends around you!
You blink.
A goblin comes into view.
* * * LOW HITPOINT WARNING * * *
You feel sick.
The goblin shouts!
Space bends around you!
You blink.
* * * LOW HITPOINT WARNING * * *
You feel sick.
Okay, then.
You die...

###
#.################.###
#....@.......S...S....
#.#########g###.##.#.#
#..g...# #.##.# #
#.###### #.##.# ## ###
## #.##.# # #.. ...#.
#.##.#.# ##.####.#.#
###.##...#
.........######......###
....................#


You could see a goblin.

Vanquished Creatures
  A worm (D:2)
  2 dart slugs
  A leopard gecko (D:1)
  3 giant cockroaches
  4 goblins
  2 hobgoblins
  5 kobolds
  A quokka (D:2)
  A ball python (D:1)
  3 bats (D:1)
  A frilled lizard (D:1)
  6 rats
30 creatures vanquished.

Notes
Turn   | Place    | Note
-------+----------+-------------------------------------------
     0 | Abyss:1  | vishdafish the Demonspawn Abyssal Knight began the quest for the Orb.
     0 | Abyss:1  | Reached XP level 1. HP: 18/18 MP: 2/2
    63 | Abyss:1  | Found a corrupted altar of Lugonu.
    86 | D:1      | Escaped the Abyss
   281 | D:1      | Reached skill level 1 in Dodging
   290 | D:1      | Gained mutation: You have sharp fingernails. [demonic ancestry]
   290 | D:1      | Reached XP level 2. HP: 19/24 MP: 3/3
   899 | D:1      | Reached ** piety under Lugonu
  1412 | D:2      | Reached XP level 3. HP: 24/29 MP: 5/5
  2049 | D:2      | HP: 1/29 [poisoned by an adder]
  2051 | D:2      | Succumbed to an adder's poison

Vault maps used:
D:1:      dpeg_arrival_rhombi, minmay_fountain_box, minmay_misc_feat_diagonals,
          hex_intersection, minmay_misc_feat_alley
D:2:      chequers_ecumenical_altar_grove

Skill      XL: |  1  2  3 |
---------------+----------+-----
Dodging        | 1 |  1.4
Long Blades    | 2 |  2.4
Armour         | 2 |  2.1
Invocations    | 3 |  3.0
Fighting       | |  3.1

Action                   || total
-------------------------++-------
Melee: Falchion          ||   135
Invok: Bend Space        ||     5
  Use: Potion            ||     4
       Scroll            ||     1
 Stab: Sleeping          ||     1
  Eat: Chunk             ||     2
Armor: Leather armour    ||    45
Dodge: Dodged            ||    72
       Rpst.: Falchion   ||    12

Table legend:
 A = Spawn XP
 B = Non-spawn XP
 C = Spawn XP percentage of total XP
 D = Spawn monster count
 E = Non-spawn monster count
 F = Spawn count percentage of total count
 G = Total turns spent on level
                    A         B        C        D         E        F      G
               +---------+---------+-------+---------+---------+-------+---------
         Total |       0 |      54 |   0.0 |       0 |      30 |   0.0 |  2051
               +---------+---------+-------+---------+---------+-------+---------
           D:1 |       0 |      33 |   0.0 |       0 |      21 |   0.0 |  1414
           D:2 |       0 |      21 |   0.0 |       0 |       9 |   0.0 |   551
               +---------+---------+-------+---------+---------+-------+---------
